| TOP OF THE 1ST |
|
Chicago White Sox batting - Pitching for Minnesota Twins : RHP Marcos Ortega
|
|
Pitching: RHP Marcos Ortega
|
|
|
Batting: SHB Ozzie Smith
|
0-0: Ball 1-0: Swinging Strike 1-1: SOLO HOME RUN (Flyball, 89XD, EV 98.8 MPH), Distance : 406 ft
|
|
Batting: SHB Dwayne Taggart
|
0-0: Ball 1-0: Ball 2-0: Fly out, F5 (Popup, 5F, EV 70.6 MPH)
|
|
Batting: RHB Kevin McReynolds
|
0-0: Fly out, F9 (Flyball, 9S, EV 93.8 MPH)
|
|
Batting: RHB Tim Teufel
|
0-0: Ball 1-0: Ball 2-0: Called Strike 2-1: Swinging Strike 2-2: Ball 3-2: Strikes out swinging
|
| Top of the 1st over - 1 run, 1 hit, 0 errors, 0 left on base; Chicago 1 - Minnesota 0 |
| BOTTOM OF THE 1ST |
|
Minnesota Twins batting - Pitching for Chicago White Sox : LHP Douglas Nelson
|
|
Pitching: LHP Douglas Nelson
|
|
|
Batting: RHB Lee Lacy
|
0-0: Ball 1-0: Ball 2-0: Called Strike 2-1: Fly out, F4 (Flyball, 4D, EV 81.3 MPH)
|
|
Batting: RHB Steve Brye
|
0-0: Ball 1-0: SINGLE (Groundball, 56D, EV 96.9 MPH)
|
|
Batting: RHB Tom Brown
|
0-0: Ground out 5-3 (Groundball, 56S, EV 69.4 MPH) Steve Brye to second
|
|
Batting: RHB Randy Edwards
|
0-0: Ball 1-0: Ball 2-0: Fly out, F3 (Popup, 23F, EV 93.8 MPH)
|
| Bottom of the 1st over - 0 runs, 1 hit, 0 errors, 1 left on base; Chicago 1 - Minnesota 0 |
| TOP OF THE 2ND |
|
Chicago White Sox batting - Pitching for Minnesota Twins : RHP Marcos Ortega
|
|
Batting: RHB Steve Henderson
|
0-0: Ball 1-0: Called Strike 1-1: Ball 2-1: Foul Ball, location: 2F 2-2: Ground out 6-3 (Groundball, 6D, EV 90.6 MPH)
|
|
Batting: RHB Mike Heath
|
0-0: Foul Ball, location: 2F 0-1: Ball 1-1: Ball 2-1: Foul Ball, location: 2F 2-2: Ball 3-2: SINGLE (Groundball, 6MS, EV 64.4 MPH) (infield hit)
|
|
Batting: LHB Ryan MacFarland
|
0-0: Called Strike Mike Heath steals 2nd base (no throw) 0-1: DOUBLE (Line Drive, 7LS, EV 93.8 MPH) Mike Heath scores
|
|
Batting: RHB Jim Wynn
|
0-0: Ball 1-0: Foul Ball, location: 2F 1-1: Foul Ball, location: 2F 1-2: Ball 2-2: Foul Ball, location: 2F 2-2: Ball 3-2: Foul Ball, location: 2F 3-2: Fly out, F7 (Flyball, 78M, EV 90.0 MPH)
|
|
Batting: RHB Brian Harper
|
0-0: Called Strike 0-1: Ground out 6-3 (Groundball, 6MD, EV 100.6 MPH)
|
| Top of the 2nd over - 1 run, 2 hits, 0 errors, 1 left on base; Chicago 2 - Minnesota 0 |
| BOTTOM OF THE 2ND |
|
Minnesota Twins batting - Pitching for Chicago White Sox : LHP Douglas Nelson
|
|
Batting: RHB Chet Lemon
|
0-0: Called Strike 0-1: SINGLE (Groundball, P, EV 84.4 MPH) (infield hit)
|
|
Batting: LHB Lloyd Moseby
|
0-0: Ball 1-0: Ball 2-0: Ball Wild Pitch! Chet Lemon to second 3-0: Base on Balls
|
|
Batting: RHB George Foster
|
0-0: Ball 1-0: Swinging Strike 1-1: Foul Ball, location: 2F 1-2: Ball 2-2: Fly out, F7 (Flyball, 78M, EV 95.6 MPH) Runner from 2nd tags up, SAFE at 3rd with throw by LF
|
|
Batting: RHB Brook Jacoby
|
0-0: SINGLE (Flyball, 89S, EV 96.3 MPH) Chet Lemon scores Lloyd Moseby to second Runner from 2nd tries for 3rd, SAFE, no throw by RF
|
|
Batting: LHB Ken Oberkfell
|
0-0: SINGLE (Groundball, 34D, EV 97.5 MPH) Lloyd Moseby scores Brook Jacoby to second Runner from 2nd tries for 3rd, SAFE, throw by RF made to third
|
|
Batting: RHB Lee Lacy
|
0-0: Called Strike 0-1: Called Strike 0-2: Ball 1-2: Strikes out swinging
|
|
Batting: RHB Steve Brye
|
0-0: Foul Ball, location: 2F 0-1: Ball 1-1: Foul Ball, location: 2F 1-2: Ball 2-2: Fly out, F9 (Flyball, 89XD, EV 99.4 MPH)
|
| Bottom of the 2nd over - 2 runs, 3 hits, 0 errors, 2 left on base; Chicago 2 - Minnesota 2 |
| TOP OF THE 3RD |
|
Chicago White Sox batting - Pitching for Minnesota Twins : RHP Marcos Ortega
|
|
Batting: SHB Ozzie Smith
|
0-0: Ball 1-0: Fly out, F7 (Flyball, 7LM, EV 84.4 MPH)
|
|
Batting: SHB Dwayne Taggart
|
0-0: Called Strike 0-1: Ball 1-1: Called Strike 1-2: Strikes out swinging
|
|
Batting: RHB Kevin McReynolds
|
0-0: Ball 1-0: Ground out 5-3 (Groundball, 56S, EV 88.8 MPH)
|
| Top of the 3rd over - 0 runs, 0 hits, 0 errors, 0 left on base; Chicago 2 - Minnesota 2 |
| BOTTOM OF THE 3RD |
|
Minnesota Twins batting - Pitching for Chicago White Sox : LHP Douglas Nelson
|
|
Batting: RHB Tom Brown
|
0-0: Ball 1-0: Swinging Strike 1-1: Ground out 6-3 (Groundball, 6D, EV 105.6 MPH)
|
|
Batting: RHB Randy Edwards
|
0-0: Ball 1-0: Swinging Strike 1-1: Foul Ball, location: 2F 1-2: Ground out 6-3 (Groundball, 4MD, EV 101.3 MPH)
|
|
Batting: RHB Chet Lemon
|
0-0: Ground out 2-3 (Groundball, 2L, EV 73.1 MPH)
|
| Bottom of the 3rd over - 0 runs, 0 hits, 0 errors, 0 left on base; Chicago 2 - Minnesota 2 |
| TOP OF THE 4TH |
|
Chicago White Sox batting - Pitching for Minnesota Twins : RHP Marcos Ortega
|
|
Batting: RHB Tim Teufel
|
0-0: Ground out 6-3 (Groundball, 6, EV 92.5 MPH)
|
|
Batting: RHB Steve Henderson
|
0-0: Ball 1-0: Swinging Strike 1-1: Ball 2-1: Ball 3-1: Fly out, F4 (Flyball, 4D, EV 89.4 MPH)
|
|
Batting: RHB Mike Heath
|
0-0: Fly out, F4 (Popup, 4, EV 64.4 MPH)
|
| Top of the 4th over - 0 runs, 0 hits, 0 errors, 0 left on base; Chicago 2 - Minnesota 2 |
| BOTTOM OF THE 4TH |
|
Minnesota Twins batting - Pitching for Chicago White Sox : LHP Douglas Nelson
|
|
Batting: LHB Lloyd Moseby
|
0-0: Foul Ball, location: 2F 0-1: Foul Ball, location: 2F 0-2: Foul Ball, location: 2F 0-2: Ball 1-2: Foul Ball, location: 2F 1-2: SINGLE (Groundball, 6D, EV 103.8 MPH)
|
|
Batting: RHB George Foster
|
0-0: Called Strike 0-1: Ball 1-1: Ball 2-1: Ground out 6-3 (Groundball, 56D, EV 103.1 MPH) Lloyd Moseby to second
|
|
Batting: RHB Brook Jacoby
|
0-0: Foul Ball, location: 2F 0-1: Swinging Strike 0-2: Ball 1-2: Strikes out swinging
|
|
Batting: LHB Ken Oberkfell
|
0-0: Ground out 6-3 (Groundball, 6, EV 100.6 MPH)
|
| Bottom of the 4th over - 0 runs, 1 hit, 0 errors, 1 left on base; Chicago 2 - Minnesota 2 |
| TOP OF THE 5TH |
|
Chicago White Sox batting - Pitching for Minnesota Twins : RHP Marcos Ortega
|
|
Batting: LHB Ryan MacFarland
|
0-0: Ball 1-0: Fly out, F3 (Popup, 23F, EV 92.5 MPH)
|
|
Batting: RHB Jim Wynn
|
0-0: Swinging Strike 0-1: Swinging Strike 0-2: Ball 1-2: Strikes out looking
|
|
Batting: RHB Brian Harper
|
0-0: Ground out 5-3 (Groundball, 5L, EV 105.6 MPH)
|
| Top of the 5th over - 0 runs, 0 hits, 0 errors, 0 left on base; Chicago 2 - Minnesota 2 |
| BOTTOM OF THE 5TH |
|
Minnesota Twins batting - Pitching for Chicago White Sox : LHP Douglas Nelson
|
|
Batting: RHB Lee Lacy
|
0-0: Foul Ball, location: 2F 0-1: Called Strike 0-2: Ball 1-2: Ground out 4-3 (Groundball, 4, EV 85.0 MPH)
|
|
Batting: RHB Steve Brye
|
0-0: Foul Ball, location: 2F 0-1: Foul Ball, location: 2F 0-2: Ball 1-2: Foul Ball, location: 2F 1-2: Fly out, F8 (Flyball, 8LD, EV 99.4 MPH)
|
|
Batting: RHB Tom Brown
|
0-0: Foul Ball, location: 2F 0-1: Called Strike 0-2: Ball 1-2: Ground out 1-3 (Groundball, 15S, EV 70.6 MPH)
|
| Bottom of the 5th over - 0 runs, 0 hits, 0 errors, 0 left on base; Chicago 2 - Minnesota 2 |
| TOP OF THE 6TH |
|
Chicago White Sox batting - Pitching for Minnesota Twins : RHP Marcos Ortega
|
|
Batting: SHB Ozzie Smith
|
0-0: Ball 1-0: Swinging Strike 1-1: Swinging Strike 1-2: Foul Ball, location: 2F 1-2: Fly out, F8 (Flyball, 8LM, EV 81.3 MPH)
|
|
Batting: SHB Dwayne Taggart
|
0-0: Ball 1-0: Ball 2-0: Swinging Strike 2-1: Ball 3-1: Called Strike 3-2: Foul Ball, location: 2F 3-2: Foul Ball, location: 2F 3-2: Strikes out swinging
|
|
Batting: RHB Kevin McReynolds
|
0-0: Ball 1-0: Ball 2-0: Foul Ball, location: 2F 2-1: Foul Ball, location: 2F 2-2: Ball 3-2: Foul Ball, location: 2F 3-2: Strikes out swinging
|
| Top of the 6th over - 0 runs, 0 hits, 0 errors, 0 left on base; Chicago 2 - Minnesota 2 |
| BOTTOM OF THE 6TH |
|
Minnesota Twins batting - Pitching for Chicago White Sox : LHP Douglas Nelson
|
|
Batting: RHB Randy Edwards
|
0-0: Called Strike 0-1: Called Strike 0-2: Ball 1-2: Ball 2-2: Ball 3-2: Fly out, F8 (Flyball, 78XD, EV 103.1 MPH)
|
|
Batting: RHB Chet Lemon
|
0-0: Called Strike 0-1: Swinging Strike 0-2: Strikes out swinging
|
|
Batting: LHB Lloyd Moseby
|
0-0: Fly out, F7 (Line Drive, 7, EV 94.4 MPH)
|
| Bottom of the 6th over - 0 runs, 0 hits, 0 errors, 0 left on base; Chicago 2 - Minnesota 2 |
| TOP OF THE 7TH |
|
Chicago White Sox batting - Pitching for Minnesota Twins : RHP Marcos Ortega
|
|
Batting: RHB Tim Teufel
|
0-0: Foul Ball, location: 2F 0-1: Foul Ball, location: 2F 0-2: Ball 1-2: Fly out, F9 (Flyball, 89M, EV 90.0 MPH)
|
|
Batting: RHB Steve Henderson
|
0-0: Ball 1-0: Ball 2-0: Ground out 6-3 (Groundball, 6, EV 108.1 MPH)
|
|
Batting: RHB Mike Heath
|
0-0: Called Strike 0-1: Foul Ball, location: 2F 0-2: Ball 1-2: Ball 2-2: SINGLE (Line Drive, 7S, EV 110.0 MPH)
|
|
Batting: LHB Ryan MacFarland
|
0-0: Ball 1-0: Ball 2-0: Called Strike 2-1: Ground out 4-3 (Groundball, 4, EV 84.4 MPH)
|
| Top of the 7th over - 0 runs, 1 hit, 0 errors, 1 left on base; Chicago 2 - Minnesota 2 |
| BOTTOM OF THE 7TH |
|
Minnesota Twins batting - Pitching for Chicago White Sox : LHP Douglas Nelson
|
|
Batting: RHB George Foster
|
0-0: Foul Ball, location: 2F 0-1: Swinging Strike 0-2: Strikes out swinging
|
|
Batting: RHB Brook Jacoby
|
0-0: Ball 1-0: Ball 2-0: Fly out, F9 (Line Drive, 9, EV 97.5 MPH)
|
|
Batting: LHB Ken Oberkfell
|
0-0: Foul Ball, location: 2F 0-1: Foul Ball, location: 2F 0-2: Ball 1-2: Ball 2-2: Foul Ball, location: 2F 2-2: Ball 3-2: Base on Balls
|
|
Batting: RHB Lee Lacy
|
0-0: Ball 1-0: Called Strike 1-1: Swinging Strike 1-2: Strikes out swinging
|
| Bottom of the 7th over - 0 runs, 0 hits, 0 errors, 1 left on base; Chicago 2 - Minnesota 2 |
| TOP OF THE 8TH |
|
Chicago White Sox batting - Pitching for Minnesota Twins : RHP Marcos Ortega
|
|
Batting: RHB Jim Wynn
|
0-0: Swinging Strike 0-1: Swinging Strike 0-2: Strikes out swinging
|
|
Batting: RHB Brian Harper
|
0-0: Foul Ball, location: 2F 0-1: Ball 1-1: Ball 2-1: Ball 3-1: Called Strike 3-2: Foul Ball, location: 2F 3-2: Strikes out looking
|
|
Batting: SHB Ozzie Smith
|
0-0: Ball 1-0: Swinging Strike 1-1: Swinging Strike 1-2: DOUBLE (Flyball, 89D, EV 93.1 MPH)
|
|
Pitching: RHP Stephen Fuller
|
|
|
Batting: SHB Dwayne Taggart
|
0-0: Ball 1-0: Ball 2-0: Foul Ball, location: 2F 2-1: Swinging Strike 2-2: Foul Ball, location: 2F 2-2: Ball 3-2: Foul Ball, location: 2F 3-2: Foul Ball, location: 2F 3-2: Strikes out swinging
|
| Top of the 8th over - 0 runs, 1 hit, 0 errors, 1 left on base; Chicago 2 - Minnesota 2 |
| BOTTOM OF THE 8TH |
|
Minnesota Twins batting - Pitching for Chicago White Sox : LHP Douglas Nelson
|
|
Batting: RHB Steve Brye
|
0-0: Ball 1-0: Foul Ball, location: 2F 1-1: Foul Ball, location: 2F 1-2: Ball 2-2: Ground out 4-3 (Groundball, 4M, EV 108.1 MPH)
|
|
Batting: RHB Tom Brown
|
0-0: Called Strike 0-1: Ground out 6-3 (Groundball, 6, EV 97.5 MPH)
|
|
Batting: RHB Randy Edwards
|
0-0: Called Strike 0-1: Foul Ball, location: 2F 0-2: Foul Ball, location: 2F 0-2: Ball 1-2: Foul Ball, location: 2F 1-2: Ground out U3 (Groundball, 3, EV 102.5 MPH)
|
| Bottom of the 8th over - 0 runs, 0 hits, 0 errors, 0 left on base; Chicago 2 - Minnesota 2 |
| TOP OF THE 9TH |
|
Chicago White Sox batting - Pitching for Minnesota Twins : RHP Stephen Fuller
|
|
Batting: RHB Kevin McReynolds
|
0-0: Ball 1-0: Called Strike 1-1: Ball 2-1: Ball 3-1: Foul Ball, location: 2F 3-2: Foul Ball, location: 2F 3-2: Base on Balls
|
|
Batting: LHB Mitchell Page
|
0-0: Called Strike 0-1: Ground out 3-1 (Groundball, 34S, EV 88.8 MPH) Kevin McReynolds to second
|
|
Batting: RHB Steve Henderson
|
0-0: Intentional Walk
|
|
Batting: RHB Mike Heath
|
0-0: Fielders Choice at 2nd, 6-4 (Groundball, 56, EV 81.9 MPH) Kevin McReynolds to third
|
|
Batting: LHB Ryan MacFarland
|
0-0: Ball 1-0: Foul Ball, location: 2F 1-1: Foul Ball, location: 2F 1-2: Strikes out swinging
|
| Top of the 9th over - 0 runs, 0 hits, 0 errors, 2 left on base; Chicago 2 - Minnesota 2 |
| BOTTOM OF THE 9TH |
|
Minnesota Twins batting - Pitching for Chicago White Sox : LHP Douglas Nelson
|
|
Pitching: LHP Gary Christophel
|
|
|
Batting: RHB Chet Lemon
|
0-0: Foul Ball, location: 2F 0-1: Ball 1-1: Fly out, F9 (Line Drive, 9D, EV 91.9 MPH)
|
|
Batting: LHB Lloyd Moseby
|
0-0: Ball 1-0: Called Strike 1-1: Ball 2-1: Called Strike 2-2: Fly out, F8 (Flyball, 8LM, EV 88.8 MPH)
|
|
Batting: RHB George Foster
|
0-0: Swinging Strike 0-1: Ball 1-1: Foul Ball, location: 2F 1-2: Ball 2-2: Ground out 6-3 (Groundball, 6, EV 88.1 MPH)
|
| Bottom of the 9th over - 0 runs, 0 hits, 0 errors, 0 left on base; Chicago 2 - Minnesota 2 |
| TOP OF THE 10TH |
|
Chicago White Sox batting - Pitching for Minnesota Twins : RHP Stephen Fuller
|
|
Batting: RHB Jim Wynn
|
0-0: Ball 1-0: Foul Ball, location: 2F 1-1: Called Strike 1-2: Foul Ball, location: 2F 1-2: Strikes out swinging
|
|
Batting: RHB Brian Harper
|
0-0: Called Strike 0-1: Called Strike 0-2: Ball 1-2: Strikes out swinging
|
|
Batting: SHB Ozzie Smith
|
0-0: Ball 1-0: Ground out U3 (Groundball, 3, EV 92.5 MPH)
|
| Top of the 10th over - 0 runs, 0 hits, 0 errors, 0 left on base; Chicago 2 - Minnesota 2 |
| BOTTOM OF THE 10TH |
|
Minnesota Twins batting - Pitching for Chicago White Sox : LHP Gary Christophel
|
|
Batting: RHB Brook Jacoby
|
0-0: DOUBLE (Line Drive, 8LD, EV 108.8 MPH)
|
|
Pinch Hitting: SHB Jerry Mumphrey
|
0-0: Ball 1-0: Ball 2-0: Called Strike 2-1: Ball 3-1: Fly out, F8 (Flyball, 8LM, EV 83.1 MPH) Runner from 2nd tags up, SAFE at 3rd with throw by CF
|
|
Batting: RHB Lee Lacy
|
0-0: Ball 1-0: Called Strike 1-1: Ground out 6-3 (Groundball, 6, EV 111.9 MPH)
|
|
Batting: RHB Steve Brye
|
0-0: Intentional Walk
|
|
Batting: RHB Tom Brown
|
0-0: Ball 1-0: Called Strike 1-1: Ball 2-1: Called Strike 2-2: Ball 3-2: Reached on error, E1 (Groundball, 15S, EV 68.8 MPH) Brook Jacoby scores
|
| Bottom of the 10th over - 1 run, 1 hit, 1 error, 0 left on base; Chicago 2 - Minnesota 3 |
|